 Dungeon Crawl Stone Soup version 0.30.2 (webtiles) character file.

Game seed: 16582224034675336545

601812 porpoise the Slayer (level 26, 0/271 HPs)
             Began as a Demonspawn Gladiator on Apr 15, 2024.
             Was the Champion of Fedhas.
             Killed from afar by an orb of fire (25 damage)
             ... with a bolt of fire
             ... on level 5 of the Realm of Zot on Apr 18, 2024.
             The game lasted 06:01:02 (91290 turns).

porpoise the Slayer (Demonspawn Gladiator)         Turns: 91290, Time: 06:01:02

Health: 0/271      AC: 31    Str: 18    XL:     26   Next: 51%
Magic:  0/35       EV: 32    Int: 12    God:    Fedhas [******]
Gold:   2962       SH: 24    Dex: 19    Spells: 33/35 levels left

rFire   + . .        a - +9 demon trident (heavy)
rCold   + . .        V - +5 Storm Queen's Shield {shock, Fly rElec}
rNeg    + + .        U - +7 swamp dragon scales
rPois   +            (helmet restricted)
rElec   +            e - +2 cloak of the Feral God {Fly rPois rN++ Str-5}
rCorr   +            (gloves unavailable)
SInv    +            J - +2 pair of boots
Will    ++...        C - amulet "Hosuwn" {Reflect Drain rPois Str+3 SH+5 SInv}
Stlth   ++           o - ring of Nasudoith {Will+ rCorr EV+5 Dex+4 Stlth+}
HPRegen 0.65/turn    t - ring "Dirghisch" {rF+ EV+5 Int+2 Slay+2}
MPRegen 0.48/turn

%: reflection, guardian spirit
@: mighty, about to teleport, marked, flying, studying Ice Magic, unable to
read, unable to drink
A: icy blue scales 3, powered by pain 3, robust 2, magic shield, magic
regeneration, magic link, demonic touch 3, horns 1, clumsy 1, dopey 1, passive
freeze, screaming 1, teleportitis 1, weak 1, no potion heal 1, inability to
drink after injury 2, inability to read after injury 1, MP-powered wands,
devolution 1
0: Orb of Zot
}: 3/15 runes: decaying, serpentine, slimy
a: Renounce Religion, Wall of Briars, Grow Ballistomycete, Overgrow, Grow Oklob


You were on level 5 of the Realm of Zot.
You worshipped Fedhas.
Fedhas was exalted by your worship.
You visited 12 branches of the dungeon, and saw 55 of its levels.
You also visited: Ossuary, Ice Cave and Desolation.

You collected 6773 gold pieces.
You spent 3811 gold pieces at shops.

Inventory:

Hand Weapons
 a - a +9 heavy demon trident (weapon)
 b - a +9 demon trident of venom
 m - a +1 demon trident of flaming
Missiles
 O - 23 boomerangs (quivered)
 Q - a throwing net
 S - 18 curare-tipped darts
Armour
 e - the +2 cloak of the Feral God (worn) {Fly rPois rN++ Str-5}
   (You found it on level 3 of the Elven Halls)

   Str:       It affects your strength (-5).
   rPois:     It protects you from poison.
   rN:        It greatly protects you from negative energy.
   Fly:       It grants you flight.
 l - +8 gold dragon scales
 p - a +1 helmet of intelligence
 A - the +4 dragonskin cloak
   (You took it off Tiamat on level 2 of the Realm of Zot)

   Avatar's Aegis: It grants the wearer a chance to resist fire, cold, poison,
   electricity, acid, and negative energy.
 F - +0 shadow dragon scales
 J - a +2 pair of boots (worn)
 N - +0 gold dragon scales
 U - +7 swamp dragon scales (worn)
 V - the +5 Storm Queen's Shield (worn) {shock, Fly rElec}
   (You found it on level 3 of the Elven Halls)

   Shock:     When it blocks an attack, it may electrocute the attacker.
   This works even against foes who are a short distance away.
   rElec:     It insulates you from electricity.
   Fly:       It grants you flight.
Jewellery
 d - a ring of willpower
 o - the ring of Nasudoith (left hand) {Will+ rCorr EV+5 Dex+4 Stlth+}
   (You bought it in a shop on level 5 of the Dungeon)

   [ring of evasion]

   EV:        It affects your evasion (+5).
   Dex:       It affects your dexterity (+4).
   rCorr:     It protects you from acid and corrosion.
   Will:      It increases your willpower.
   Stlth:     It makes you more stealthy.
 t - the ring "Dirghisch" (right hand) {rF+ EV+5 Int+2 Slay+2}
   (You took it off a deep elf demonologist on level 3 of the Elven Halls)

   [ring of evasion]

   EV:        It affects your evasion (+5).
   Int:       It affects your intelligence (+2).
   Slay:      It affects your accuracy & damage with ranged weapons and melee
   (+2).
   rF:        It protects you from fire.
 C - the amulet "Hosuwn" (around neck) {Reflect Drain rPois Str+3 SH+5 SInv}
   (You found it on level 2 of the Swamp)

   [amulet of reflection]

   It reflects blocked missile attacks.
   Str:       It affects your strength (+3).
   rPois:     It protects you from poison.
   SInv:      It lets you see invisible.
   Drain:     It drains your maximum health when unequipped.
   SH:        It affects your SH (+5).
 X - a ring of magical power
Wands
 r - a wand of digging (38)
 v - a wand of polymorph (30)
 D - a wand of iceblast (25)
 I - a wand of paralysis (45)
 K - a wand of mindburst (33)
 T - a wand of light (32)
 W - a wand of flame (122)
Scrolls
 f - 10 scrolls of vulnerability
 g - a scroll of silence
 i - 2 scrolls of poison
 j - 3 scrolls of noise
 k - 11 scrolls of fear
 s - 8 scrolls of teleportation
 E - 2 scrolls of magic mapping
 L - 7 scrolls of fog
 R - 5 scrolls of blinking
 Z - 2 scrolls of summoning
Potions
 c - 5 potions of ambrosia
 h - 26 potions of curing
 q - 12 potions of attraction
 u - a potion of haste
 w - 3 potions of might
 x - 5 potions of heal wounds
 z - 2 potions of mutation
 B - a potion of berserk rage
 G - 13 potions of lignification
 H - 5 potions of magic
 M - 4 potions of resistance
Miscellaneous
 y - a lightning rod (4/4)
 P - a phial of floods
 Y - a tin of tremorstones (2/2)


   Skills:
 + Level 22.7 Fighting
 - Level 4.0(9.9) Axes
 - Level 14.0(14.2) Polearms
 - Level 16.0 Throwing
 + Level 18.2 Armour
 - Level 18.0 Dodging
 - Level 7.0 Stealth
 + Level 15.1 Shields
 - Level 5.0 Spellcasting
 - Level 9.0 Transmutations
 - Level 16.8 Invocations
 - Level 12.6 Evocations


You had 33 spell levels left.
You knew the following spells:

 Your Spells              Type           Power      Damage    Failure   Level
w - Wereblood             Tmut           24%        N/A       1%          2

Your spell library contained the following spells:

 Spells                   Type           Power      Damage    Failure   Level
 Sting                    Tmut/Pois      52%        1d5       7%          1
 Passwall                 Tmut/Erth      10%        N/A       11%         2
 Spider Form              Tmut/Pois      13%        N/A       22%         3
 Blade Hands              Tmut           12%        N/A       30%         5
 Ignite Poison            Fire/Tmut/Pois 10%        N/A       36%         3
 Apportation              Tloc           6%         N/A       41%         1
 Kiss of Death            Conj/Necr      12%        2d6       41%         1
 Magic Dart               Conj           12%        1d3       41%         1
 Necrotise                Necr           12%        1d4       41%         1
 Sandblast                Erth           6%         2d5       41%         1
 Shock                    Conj/Air       12%        1d3       41%         1
 Slow                     Hex            12%        N/A       41%         1
 Summon Small Mammal      Summ           12%        N/A       41%         1
 Call Imp                 Summ           6%         N/A       56%         2
 Cigotuvi's Dreadful Rot  Necr/Pois/Air  6%         N/A       56%         2
 Ensorcelled Hibernation  Hex/Ice        6%         N/A       56%         2
 Poisonous Vapours        Pois/Air       6%         N/A       56%         2
 Scorch                   Fire           6%         2d5       56%         2
 Static Discharge         Conj/Air       6%         2-3/arc   56%         2
 Sublimation of Blood     Necr           3%         N/A       56%         2
 Petrify                  Tmut/Erth      13%        N/A       56%         4
 Confusing Touch          Hex            3%         N/A       80%         3
 Dazzling Flash           Conj/Hex       6%         N/A       80%         3
 Gell's Gravitas          Tloc           3%         N/A       80%         3
 Inner Flame              Hex/Fire       3%         N/A       80%         3
 Mephitic Cloud           Conj/Pois/Air  3%         N/A       80%         3
 Ozocubu's Armour         Ice            3%         N/A       80%         3
 Stone Arrow              Conj/Erth      6%         3d7       80%         3
 Summon Guardian Golem    Hex/Summ       3%         N/A       80%         3
 Swiftness                Air            3%         N/A       80%         3
 Teleport Other           Tloc           3%         N/A       80%         3
 Tukima's Dance           Hex            3%         N/A       80%         3
 Vampiric Draining        Necr           3%         2d6       80%         3
 Vhi's Electric Charge    Tloc/Air       6%         N/A       80%         3
 Alistair's Intoxication  Tmut/Pois      8%         N/A       89%         5
 Irradiate                Conj/Tmut      6%         3d13      89%         5
 Yara's Violent Unravell  Hex/Tmut       6%         3d5       89%         5
 Airstrike                Air            1%         2d(1-17)  99%         4
 Anguish                  Hex/Necr       1%         N/A       99%         4
 Animate Armour           Summ/Erth      6%         N/A       99%         4
 Animate Dead             Necr           3%         N/A       99%         4
 Cause Fear               Hex            1%         N/A       99%         4
 Dispel Undead            Necr           3%         3d7       99%         4
 Flame Wave               Conj/Fire      3%         2d5       99%         4
 Fulminant Prism          Conj/Hex       1%         3d5       99%         4
 Leda's Liquefaction      Hex/Erth       1%         N/A       99%         4
 Olgreb's Toxic Radiance  Pois           3%         N/A       99%         4
 Passage of Golubria      Tloc           3%         N/A       99%         4
 Sticky Flame             Conj/Fire      3%         2d3       99%         4
 Summon Lightning Spire   Summ/Air       3%         N/A       99%         4
 Agony                    Necr           3%         N/A       100%        5
 Arcjolt                  Conj/Air       1%         1d11      100%        5
 Freezing Cloud           Conj/Ice/Air   1%         6-21      100%        5
 Iskenderun's Battlesphe  Conj           3%         2d6       100%        5
 Lee's Rapid Deconstruct  Erth           1%         3d4*      100%        5
 Silence                  Hex/Air        1%         N/A       100%        5
 Summon Forest            Summ/Tloc      1%         N/A       100%        5
 Conjure Ball Lightning   Conj/Air       1%         3x3d6     100%        6
 Death Channel            Necr           1%         N/A       100%        6
 Dispersal                Tloc           1%         N/A       100%        6
 Eringya's Noxious Bog    Tmut/Pois      6%         N/A       100%        6
 Iron Shot                Conj/Erth      1%         9d1       100%        6
 Plasma Beam              Fire/Air       1%         2x1d12    100%        6
 Statue Form              Tmut/Erth      8%         N/A       100%        6
 Summon Cactus Giant      Summ           1%         N/A       100%        6
 Dragon Form              Tmut           12%        N/A       100%        7
 Enfeeble                 Hex            1%         N/A       100%        7
 Haunt                    Necr/Summ      1%         N/A       100%        7
 Monstrous Menagerie      Summ           1%         N/A       100%        7
 Orb of Destruction       Conj           1%         9d5       100%        7
 Ozocubu's Refrigeration  Ice            1%         4d7       100%        7
 Spellforged Servitor     Conj/Summ      1%         N/A       100%        7
 Summon Hydra             Summ           1%         N/A       100%        7
 Ignition                 Fire           1%         3d3       100%        8
 Infestation              Necr           1%         N/A       100%        8


Dungeon Overview and Level Annotations

Branches:
Dungeon (15/15)            Temple (1/1) D:6            Lair (5/5) D:10
  Swamp (4/4) Lair:2        Snake (4/4) Lair:2        Slime (5/5) Lair:4
    Orc (2/2) D:11            Elf (3/3) Orc:2        Vaults (4/5) D:13
  Crypt (3/3) Vaults:2       Tomb (0/3) Crypt:3      Depths (4/4) D:15
    Zot (5/5) Depths:4    Ossuary (visited)           IceCv (visited)
Desolation (visited)

Altars:
Ashenzari
Cheibriados
Dithmenos
Fedhas
Gozag
Hepliaklqana
Kikubaaqudgha
Makhleb
Nemelex Xobeh
Okawaru
Qazlal
Ru
Sif Muna
Trog
Uskayaw
Vehumet
Wu Jian
Xom
Yredelemnul
Lugonu

Shops:
D:5 =*=?   D:6 *   D:11 *   Orc:1 :!(   Orc:2 [[=?   Elf:2 [   Snake:1 !?(
Vaults:1 [   Vaults:3 (

Portals:
Hell: Depths:1 Depths:2 Depths:3 Depths:4
Abyss: Depths:2 Depths:3 Depths:4
Pandemonium: Depths:1 Depths:2 Depths:4
Ziggurat: Depths:1

Annotations:
Snake:2 2 transporters, karkarkar's ghost, adept GrEE
Slime:2 exclusion: downstairs
Elf:3 2 transporters, 2 exclusions, Fuonemn's ghost, veteran DDBe
Vaults:4 exclusion: 3 downstairs
Crypt:2 exclusion: upstairs


Innate Abilities, Weirdness & Mutations

You are completely covered in icy blue scales. (AC +4, rC+)
You are powered by pain.
You are very robust. (+20% HP)
When hurt, damage is shared between your health and your magic reserves.
You regenerate magic rapidly.
When low on magic, you restore magic in place of health.
Your touch may irresistibly damage your foes and sap their willpower.
You have a pair of small horns on your head.
You are clumsy. (Dex -2)
You are dopey. (Int -2)
A frigid envelope surrounds you and freezes all who hurt you.
You occasionally shout uncontrollably at your foes.
You are occasionally teleported next to monsters.
You are weak. (Str -2)
Potions are less effective at restoring your health.
You sometimes lose the ability to drink potions when taking damage.
You occasionally lose the ability to read scrolls when taking damage.
You expend magic power (3 MP) to strengthen your wands.
You have hidden genetic defects.


Message History

The dread lich misses you.
You impale the dread lich!!
The dread lich is moderately damaged.
The electric golem blinks!
You block the dread lich's attack.
Your shield discharges, shocking the dread lich!
The dread lich resists.
You hit the dread lich but do no damage.
The dread lich is moderately damaged.
You puncture the dread lich! You headbutt the dread lich.
The dread lich is moderately damaged.
You feel yourself slow down.
The orb of fire glows yellow.
The bolt of fire hits you! You resist.
* * * LOW HITPOINT WARNING * * *
The dread lich mumbles some strange words.
You puncture the dread lich!
You headbutt the dread lich, but do no damage.
The dread lich is heavily damaged.
You block the dread lich's attack.
Your shield discharges, shocking the dread lich!
The dread lich resists.
You barely miss the dread lich. You headbutt the dread lich.
The dread lich is heavily damaged.
The orb of fire emits a lurid red light.
The bolt of fire misses you. You block the dread lich's attack.
Your shield discharges, shocking the dread lich!
The dread lich resists.
Unknown command.
As you read the scroll of teleportation, it crumbles to dust.
You feel strangely unstable.
You feel the Orb delaying your translocation!
The Ice Fiend gestures at you. The bolt of cold hits you!! You resist.
* * * LOW HITPOINT WARNING * * *
The orb of fire glows deep purple.
The bolt of fire hits you!!! You resist.
You feel threatened and lose the ability to read scrolls!
You feel threatened and lose the ability to drink potions!
You die...
Fedhas appreciates your contribution to the ecosystem.

...............# ▓▓▓▓▓▓▓▓▓ *,,,,,
.)............## **,,,,
............▓## ***,,
.........▓▓▓▓ *** ##▓▓▓▓▓▓▓▓▓▓▓#
#▓▓▓ .......9.1..X### ###...
..*.....^##X*..## ##....#
...^.^^.^.###...###########...###
...1....^..###^.@L...........##*,
..^........# ##.1..........^## *,
..^........# #.............# *,
...........# ##...........## *^
...........# #...........# *,
...........# ##.....)....^## *,
.)........## #.............# **
.........## ##.............## *
........## #...............#


You could see an orb of fire, a dread lich, 2 Ice Fiends and 2 Orb Guardians.

Vanquished Creatures
  the Royal Jelly (Slime:5)
  Tiamat (Zot:2)
  An ancient lich (Crypt:3)
  A dread lich (Zot:5)
  Mara (Swamp:3)
  5 orbs of fire
  Josephina (Crypt:3)
  Parghit (Zot:1)
  A Killer Klown (Zot:5)
  Bai Suzhen (Snake:3)
  2 curse toes
  9 golden dragons
  Nikola (Elf:2)
  3 bone dragons
  3 electric golems
  Jorgrun (Swamp:2)
  16 tentacled monstrosities
  21 Orb Guardians (Zot:5)
  A walking divine tome (Depths:3)
  3 liches
  2 titans
  3 quicksilver dragons
  2 deep elf blademasters (Elf:3)
  2 deep elf master archers (Elf:3)
  6 ancient champions
  The ghost of Buem the Warrior, an adept OgHs of Yredelemnul (Swamp:3)
  24 acid blobs
  Frances (Swamp:2)
  4 sphinxes
  5 shadow dragons
  8 storm dragons
  9 death cobs
  3 nagarajas (Snake:4)
  4 draconian knights
  11 azure jellies
  2 tengu reavers
  7 draconian monks
  5 revenants
  5 fire giants
  11 rockslimes
  A fenstrider witch (Swamp:1)
  4 frost giants
  2 iron dragons
  2 ghost moths
  11 deep elf sorcerers
  9 vault wardens
  Louise (Snake:3)
  A curse skull (Crypt:1)
  5 draconian scorchers
  3 imperial myrmidons (Desolation)
  Aizul (Swamp:3)
  A caustic shrike zombie (Depths:2)
  5 orc warlords
  A ghoul (Crypt:2)
  A juggernaut zombie (Depths:3)
  12 ironbound preservers
  The ghost of Josephus the Marksdemigod, a journeyman DgHu (Swamp:1)
  6 deep elf elementalists (Elf:3)
  6 draconian shifters
  4 draconian stormcallers
  5 war gargoyles
  A caustic shrike skeleton (Crypt:3)
  3 draconian annihilators
  10 vampire knights
  21 very ugly things
  3 ironbound thunderhulks
  11 stone giants
  12 quicksilver oozes
  2 reapers
  8 black draconians
  13 green draconians
  Nessos (Lair:3)
  7 deep elf annihilators
  An eleionoma (Swamp:3)
  10 purple draconians
  5 red draconians
  A lorocyproca (Depths:4)
  The ghost of porpoise the Marksfrog, a journeyman BaHu of Cheibriados (Lair:5)
  6 deep elf demonologists
  10 white draconians
  7 dire elephants
  A halazid warlock (Desolation)
  A bunyip (Swamp:1)
  9 yellow draconians
  3 eidola
  14 spark wasps
  8 fire dragons
  11 jiangshi
  7 deep elf death magi
  5 ettins
  2 crystal guardians (Desolation)
  A spectral fenstrider witch (Swamp:3)
  11 yaktaur captains
  A rakshasa (Depths:3)
  2 deep elf high priests
  3 entropy weavers
  12 great orbs of eyes
  11 ragged hierophants (Desolation)
  A quicksilver dragon skeleton (Crypt:2)
  5 servants of whispers (Desolation)
  11 peacekeepers
  3 ice dragons
  An elf skeleton (Crypt:3)
  3 vault guards
  2 salamander tyrants (Snake:4)
  2 caustic shrike simulacra (Crypt:3)
  2 ghost crabs
  3 death knights
  9 hydras
  6 ironbound frosthearts
  6 boulder beetles
  A merfolk avatar (Lair:5)
  10 anacondas
  7 centaur warriors
  10 alligators
  5 spriggan skeletons (Crypt:3)
  24 dancing weapons
  8 two-headed ogres
  11 deep troll shamans
  18 naga warriors
  4 tengu warriors
  5 vampire magi
  6 deep troll earth magi
  Urug (D:11)
  A hell knight (Depths:4)
  6 shock serpents
  A quicksilver ooze zombie (Crypt:3)
  Nergalle (Lair:1)
  3 soul eaters
  A sun demon (Depths:1)
  11 deep elf knights
  2 spriggan berserkers
  13 naga sharpshooters
  47 skeletal warriors
  3 storm dragon zombies
  13 spriggans
  A titan skeleton (Depths:2)
  3 shadow wraiths (Crypt:3)
  3 skysharks
  A sixfirhy (Depths:4)
  4 goliath frogs
  4 spriggan druids
  A golden dragon zombie (Depths:2)
  5 sea snakes (Snake:2)
  2 death drakes
  13 iron trolls
  8 flayed ghosts
  4 salamander mystics
  A golden dragon skeleton (Depths:2)
  8 swamp dragons
  7 bog bodies
  6 deep elf archers
  4 glowing orange brains
  5 wizards
  2 tengu zombies (Depths:2)
  A fenstrider witch simulacrum (Swamp:3)
  9 lindwurms
  A harpy (Lair:5)
  4 necromancers
  45 deep trolls
  2 spectral hydras (Swamp:4)
  9 naga ritualists
  21 deep elf pyromancers
  24 deep elf zephyrmancers
  15 ironbound convokers
  5 phantasmal warriors
  24 orc knights
  12 mana vipers
  47 ugly things
  A stone giant zombie (Vaults:2)
  7 cyclopes
  6 manticores
  5 spectral spriggans (Swamp:3)
  2 frost giant zombies
  9 shining eyes
  19 moths of wrath
  9 salamanders
  2 fire giant zombies
  An orc sorcerer (Orc:1)
  2 will-o-the-wisps
  An iron dragon skeleton (Depths:3)
  9 vault sentinels
  A frost giant skeleton (Depths:2)
  2 molten gargoyles (Desolation)
  7 guardian serpents
  6 elephants
  2 titan simulacra (Depths:3)
  A fire giant skeleton (Depths:2)
  20 naga magi
  A gargoyle (D:13)
  A stone giant skeleton (Crypt:3)
  40 black mambas
  2 ice statues (IceCv)
  A torpor snail (Lair:5)
  Joseph (Lair:1)
  2 eyes of devastation
  A pale draconian zombie (Crypt:1)
  7 cane toads
  4 centaur skeletons (Crypt:3)
  6 freezing wraiths
  An unseen horror (D:10)
  A death yak zombie (Crypt:2)
  3 dire elephant skeletons (Crypt:3)
  5 tengu conjurers
  An efreet (D:15)
  12 komodo dragons
  30 yaktaurs
  A yellow draconian skeleton (Crypt:1)
  An unseen horror skeleton (Crypt:2)
  3 ice devils (IceCv)
  3 rime drakes
  3 guardian mummies (Crypt:1)
  6 trolls
  2 spectral death drakes (Swamp:3)
  A hydra zombie (Swamp:4)
  4 hydra skeletons
  4 polar bears
  12 tyrant leeches
  11 hornets
  A hellwing (Depths:4)
  A death drake zombie (Swamp:4)
  2 tarantellas
  51 saltlings (Desolation)
  An ettin zombie (Depths:2)
  An iron dragon simulacrum (Crypt:3)
  4 harpy skeletons (Crypt:3)
  19 blink frogs
  A boulder beetle zombie (Crypt:2)
  A jumping spider (Vaults:2)
  12 dream sheep (Lair:5)
  3 snapping turtles (Lair:5)
  A slime creature (shapeshifter) (D:15)
  13 flying skulls
  Sigmund (D:4)
  118 slime creatures
  2 air elementals
  2 shadows
  3 wyverns
  A water elemental (Elf:3)
  A fire elemental (Elf:3)
  16 yaks
  3 vampires (Vaults:2)
  4 wraiths
  A slime creature zombie (Crypt:2)
  An ice dragon skeleton (Crypt:3)
  A chaos spawn (Depths:4)
  21 golden eyes
  2 steam dragons
  5 basilisks
  A yaktaur simulacrum (Vaults:2)
  2 redbacks
  21 vampire mosquitoes
  A death yak simulacrum (IceCv)
  4 glowing shapeshifter zombies
  16 swamp worms
  8 wargs
  26 nagas
  17 water moccasins
  3 human zombies
  3 hydra simulacra (Swamp:4)
  A faun zombie (Crypt:3)
  An ogre zombie (Vaults:2)
  2 fire bat skeletons
  A death drake simulacrum (Swamp:3)
  3 glowing shapeshifter skeletons
  2 floating eyes
  59 orc warriors
  A naga skeleton (Crypt:3)
  A lindwurm zombie (Crypt:1)
  A sky beast (D:7)
  2 human skeletons
  4 swamp drakes
  An ice beast (D:6)
  4 black bears
  A boggart (Lair:5)
  A swamp dragon zombie (Swamp:4)
  5 wolves
  7 centaurs
  A manticore skeleton (Crypt:2)
  A tengu (shapeshifter) (D:13)
  3 ogres
  A komodo dragon zombie (Crypt:2)
  4 kobold brigands
  A necrophage (Crypt:2)
  A rime drake skeleton (Crypt:2)
  13 bullfrogs
  2 gnoll sergeants
  2 earth elementals (Elf:3)
  A scorpion (D:6)
  A wyvern skeleton (Crypt:3)
  9 wights (D:9)
  A water moccasin skeleton (Crypt:1)
  6 killer bees (D:10)
  2 howler monkeys
  8 electric eels
  A vampire bat (D:6)
  A gnoll bouda (D:8)
  24 orc priests
  8 hounds
  A sleepcap (D:5)
  Ijyb (D:3)
  3 iguanas
  19 orc wizards
  3 spriggan simulacra
  A wolf simulacrum (IceCv)
  12 mummies
  A howler monkey skeleton (Crypt:1)
  12 gnolls
  2 naga simulacra
  4 adders
  13 white imps
  An ufetubus (D:5)
  An iguana zombie (Crypt:2)
  An adder skeleton (Crypt:3)
  A worm (D:3)
  111 orcs
  6 ball pythons
  14 bats
  8 endoplasms
  4 giant cockroaches
  A gnoll zombie (Ossuary)
  6 hobgoblins
  10 jackals
  18 kobolds
  A quokka (D:5)
  4 frilled lizards
  5 goblins
  A hobgoblin zombie (Ossuary)
  2 kobold zombies
  5 orc zombies (Ossuary)
  8 rats
  A spectral weapon (Zot:5)
2219 creatures vanquished.

Vanquished Creatures (collateral kills)
  A Killer Klown (Zot:5)
  2 Orb Guardians (Zot:5)
  2 draconian monks
  A draconian stormcaller (Zot:5)
  3 green draconians
  A red draconian (Zot:2)
  4 moths of wrath (Zot:5)
  13 ballistomycete spores
27 creatures vanquished.

Vanquished Creatures (others)
  2 thorn hunters (Swamp:4)
  A fire giant (Depths:4)
  A draconian annihilator (Zot:4)
  The ghost of Zoplopp the Fighter, a journeyman MiBe of Trog (Swamp:2)
  A vampire knight (Swamp:4)
  A black draconian (Zot:2)
  A deep elf death mage (Elf:3)
  3 shambling mangroves (Swamp:4)
  A spriggan skeleton (Crypt:3)
  A hydra (Swamp:4)
  An alligator (Swamp:3)
  A skeletal warrior (Crypt:3)
  A deep elf knight (Elf:1)
  2 spriggan druids (Swamp:4)
  A flayed ghost (Swamp:4)
  2 swamp dragons (Swamp:4)
  A spectral hydra (Swamp:4)
  2 deep elf zephyrmancers (Elf:2)
  3 oklob plants (Swamp:4)
  A deep elf pyromancer (Elf:2)
  A will-o-the-wisp (Swamp:3)
  A hydra zombie (Swamp:4)
  A bloated husk (Swamp:2)
  A death drake zombie (Swamp:4)
  8 hornets
  A hydra skeleton (Swamp:4)
  A spriggan (Swamp:2)
  A water elemental (Elf:3)
  A golden eye (shapeshifter) (Elf:3)
  A swamp drake (Swamp:4)
  2 swamp dragon skeletons (Swamp:4)
  A wolf (Lair:5)
  A white imp (D:6)
  7 foxfires (Swamp:3)
56 creatures vanquished.

Grand Total: 2302 creatures vanquished

Notes
Turn   | Place    | Note
-------+----------+-------------------------------------------
     0 | D:1      | porpoise the Demonspawn Gladiator began the quest for the
                  | Orb.
     0 | D:1      | Reached XP level 1. HP: 16/16 MP: 1/1
   427 | D:1      | Gained mutation: Your touch may inflict minor irresistible
                  | damage on your foes. [demonic ancestry]
   427 | D:1      | Reached XP level 2. HP: 22/22 MP: 2/2
  1507 | D:2      | Gained mutation: You sometimes gain a little power by
                  | taking damage. [demonic ancestry]
  1507 | D:2      | Reached XP level 3. HP: 28/28 MP: 3/3
  2420 | D:3      | Reached XP level 4. HP: 30/34 MP: 4/4
  2554 | D:3      | Found a faded altar of an unknown god.
  2558 | D:3      | Found an ancient bone altar of Kikubaaqudgha.
  2558 | D:3      | Noticed Ijyb
  2659 | D:3      | Found a faded altar of an unknown god.
  3186 | D:4      | Noticed Sigmund
  3193 | D:4      | Killed Sigmund
  3194 | D:4      | Reached skill level 3 in Fighting
  3194 | D:4      | Reached XP level 5. HP: 18/41 MP: 5/5
  3205 | D:4      | HP: 2/41 [something (3)]
  3418 | D:3      | Reached XP level 6. HP: 45/47 MP: 6/6
  3620 | D:4      | HP: 1/47 [ogre/+0 giant spiked club (18)]
  3675 | D:3      | HP: 2/48 [Ijyb/+0 dagger (5)]
  3677 | D:3      | Killed Ijyb
  3936 | D:4      | Reached skill level 4 in Fighting
  4005 | D:4      | Found a hide-covered altar of Uskayaw.
  4005 | D:4      | Found an ornate altar of the Wu Jian Council.
  4251 | D:5      | Entered Level 5 of the Dungeon
  4252 | D:5      | Found Zisapil's Magic Scroll Shop.
  4267 | D:5      | Found Erit's General Store.
  4267 | D:5      | Found Onazxos's Jewellery Shop.
  4268 | D:5      | Found Mouck's Jewellery Shop.
  4284 | D:5      | Bought a potion of degeneration for 13 gold pieces
  4291 | D:5      | Gained mutation: Your touch may inflict irresistible damage
                  | on your foes. [demonic ancestry]
  4291 | D:5      | Reached XP level 7. HP: 54/54 MP: 7/7
  4618 | D:5      | Bought a scroll of brand weapon for 133 gold pieces
  4725 | D:5      | You are sucked into a shaft and drop 1 floor!
  4784 | D:6      | Found a staircase to the Ecumenical Temple.
  4997 | Temple   | Entered the Ecumenical Temple
  5194 | Temple   | Became a worshipper of Fedhas Madash
  5604 | D:6      | Found Keigimur's Assorted Antiques.
  5613 | D:6      | Bought a scroll labelled LUCWED TABUXOCK for 31 gold pieces
  5764 | D:6      | Reached skill level 5 in Polearms
  5806 | D:6      | Reached skill level 5 in Fighting
  5806 | D:6      | Reached skill level 5 in Dodging
  5806 | D:6      | Reached XP level 8. HP: 62/62 MP: 8/8
  5974 | D:6      | Reached * piety under Fedhas
  6187 | D:7      | Reached skill level 5 in Throwing
  6557 | D:7      | Found a sparkling altar of Nemelex Xobeh.
  6864 | D:8      | Reached skill level 6 in Fighting
  6878 | D:8      | Reached XP level 9. HP: 16/69 MP: 9/9
  6997 | D:8      | Found a sand-covered staircase.
  7042 | Ossuary  | Entered an ossuary
  7189 | Ossuary  | Reached ** piety under Fedhas
  7545 | D:8      | Noticed a two-headed ogre
  7555 | D:8      | Killed a two-headed ogre
  7750 | D:8      | Reached skill level 7 in Fighting
  8057 | D:9      | Reached skill level 1 in Invocations
  8311 | D:9      | Gained mutation: You regenerate magic rapidly. [demonic
                  | ancestry]
  8311 | D:9      | Reached XP level 10. HP: 77/79 MP: 12/12
  8429 | D:9      | Learned a level 2 spell: Wereblood
  8464 | D:9      | Reached *** piety under Fedhas
  8559 | D:9      | Found a basalt altar of Yredelemnul.
  8626 | D:9      | Noticed a two-headed ogre
  8634 | D:9      | Killed a two-headed ogre
  8635 | D:9      | Reached skill level 5 in Invocations
  8912 | D:9      | Noticed a two-headed ogre
  8922 | D:9      | Killed a two-headed ogre
  9155 | D:10     | Entered Level 10 of the Dungeon
  9160 | D:10     | Noticed a two-headed ogre
  9171 | D:10     | Killed a two-headed ogre
  9334 | D:10     | Reached skill level 10 in Polearms
  9650 | D:10     | Found a staircase to the Lair.
  9684 | D:10     | Reached skill level 1 in Armour
  9746 | D:10     | Reached **** piety under Fedhas
 10193 | D:10     | Noticed a two-headed ogre
 10201 | D:10     | Killed a two-headed ogre
 10202 | D:10     | Gained mutation: When hurt, damage is shared between your
                  | health and your magic reserves. [demonic ancestry]
 10202 | D:10     | Reached XP level 11. HP: 78/84 MP: 16/16
 10542 | D:10     | Noticed a two-headed ogre
 10554 | D:10     | Killed a two-headed ogre
 10925 | Lair:1   | Entered Level 1 of the Lair of Beasts
 11375 | Lair:1   | Noticed a boulder beetle
 11387 | Lair:1   | Killed a boulder beetle
 11463 | Lair:1   | Noticed Joseph
 11483 | Lair:1   | Killed Joseph
 11851 | Lair:1   | Found a runed translucent door.
 11883 | Lair:1   | Noticed a lindwurm
 11883 | Lair:1   | Noticed a lindwurm
 12081 | Lair:1   | Noticed Nergalle
 12089 | Lair:1   | Noticed a spectral orc warlord
 12097 | Lair:1   | Killed Nergalle
 12793 | Lair:2   | Reached XP level 12. HP: 43/91 MP: 16/19
 12811 | Lair:2   | Reached skill level 10 in Invocations
 12858 | Lair:2   | Reached ***** piety under Fedhas
 12942 | Lair:2   | Found a staircase to the Snake Pit.
 12995 | Lair:2   | Found a frozen archway.
 13058 | IceCv    | Entered an ice cave
 13099 | IceCv    | Reached skill level 5 in Armour
 13799 | Lair:2   | Found the +11 Singing Sword {sonic wave}
 14305 | Lair:2   | Found a staircase to the Swamp.
 14679 | Lair:3   | Noticed Nessos
 14695 | Lair:3   | Killed Nessos
 15166 | Lair:3   | Noticed a seven-headed hydra
 15187 | Lair:3   | Killed a seven-headed hydra
 16174 | Lair:4   | Reached skill level 1 in Evocations
 16250 | Lair:4   | Found a staircase to the Slime Pits.
 17259 | D:5      | Bought the ring of Nasudoith {Will+ rCorr EV+5 Dex+4
                  | Stlth+} for 915 gold pieces
 17700 | D:11     | Noticed Urug
 17711 | D:11     | Killed Urug
 17712 | D:11     | Gained mutation: You sometimes gain power by taking damage.
                  | [demonic ancestry]
 17712 | D:11     | Reached XP level 13. HP: 96/96 MP: 18/22
 17762 | D:11     | Found Osubonis's Assorted Antiques.
 17973 | D:11     | Found a staircase to the Orcish Mines.
 18407 | D:11     | Reached ****** piety under Fedhas
 18408 | D:11     | Reached skill level 8 in Fighting
 19551 | D:12     | Found a runed translucent door.
 19902 | D:12     | Reached skill level 5 in Evocations
 20269 | D:12     | Reached skill level 9 in Fighting
 20950 | Orc:1    | Entered Level 1 of the Orcish Mines
 20950 | Orc:1    | Noticed an orc warlord
 21014 | D:11     | Killed an orc warlord
 21621 | Orc:1    | Found Miceket's Self-Improvement Boutique.
 21880 | Orc:1    | Found Ubriciep's Distillery.
 22338 | Orc:2    | Entered Level 2 of the Orcish Mines
 22456 | Orc:1    | Found Ukuterph's Antique Weapon Shop.
 22563 | Orc:2    | Found a staircase to the Elven Halls.
 22656 | Orc:2    | Reached skill level 10 in Fighting
 22977 | Orc:2    | Gained mutation: You are partially covered in icy blue
                  | scales. (AC +2) [demonic ancestry]
 22977 | Orc:2    | Reached XP level 14. HP: 111/111 MP: 24/24
 23170 | Orc:2    | Found Faodgh's Antique Armour Shop.
 23170 | Orc:2    | Found Siqakexog's Antique Armour Shoppe.
 23375 | Orc:2    | Reached skill level 11 in Fighting
 23501 | Orc:2    | Found Yqupisk's Jewellery Shop.
 23501 | Orc:2    | Found Ocuej's Magic Scroll Shoppe.
 23547 | Orc:2    | Bought a pair of crude gloves for 171 gold pieces
 23547 | Orc:2    | Identified the +4 pair of gloves of Rattevuo {*Corrode
                  | rElec Str+4 SInv} (You bought it in a shop on level 2 of
                  | the Orcish Mines)
 23547 | Orc:2    | Bought a transparent chain mail for 171 gold pieces
 23547 | Orc:2    | Identified the +0 chain mail "Pecriu Gieq" {Int+2} (You
                  | bought it in a shop on level 2 of the Orcish Mines)
 23561 | Orc:2    | Bought a pair of embroidered boots for 225 gold pieces
 23561 | Orc:2    | Bought a runed cloak for 225 gold pieces
 23821 | Lair:5   | Entered Level 5 of the Lair of Beasts
 24103 | Lair:5   | Reached skill level 12 in Fighting
 24900 | Lair:5   | Found a runed translucent door.
 24904 | Lair:5   | Noticed porpoise's ghost (journeyman BaHu)
 24904 | Lair:5   | Identified the +3 trident "Katy" {freeze, Fly rF- MP+9}
 24948 | Lair:5   | Killed porpoise's ghost
 27034 | D:13     | Found a gate to the Vaults.
 27459 | D:14     | Gained mutation: When low on magic, you restore magic in
                  | place of health. [demonic ancestry]
 27459 | D:14     | Reached XP level 15. HP: 122/122 MP: 25/25
 28112 | D:15     | Entered Level 15 of the Dungeon
 28613 | D:15     | Reached skill level 13 in Fighting
 29042 | D:15     | Found a staircase to the Depths.
 29576 | Elf:1    | Entered Level 1 of the Elven Halls
 29774 | Elf:1    | Reached skill level 10 in Armour
 29774 | Elf:1    | Reached skill level 10 in Dodging
 30473 | Elf:1    | Identified the +4 long sword of Jyurynet {freeze, rC+ rN+
                  | Dex-5}
 30553 | Elf:1    | Identified a scroll of acquirement
 30554 | Elf:1    | Acquired the +0 pair of gloves "Asownuge" {rF++}
 30985 | Elf:1    | Paralysed by an air elemental for 1 turns
 31770 | Elf:2    | Noticed Nikola
 31778 | Elf:2    | Killed Nikola
 31855 | Elf:2    | Found Adymur's Armour Boutique.
 31990 | Elf:2    | Gained mutation: You are mostly covered in icy blue scales.
                  | (AC +3) [demonic ancestry]
 31990 | Elf:2    | Reached XP level 16. HP: 82/132 MP: 23/26
 31995 | Elf:2    | Reached skill level 14 in Fighting
 32333 | Elf:2    | Identified the ring of Veot {MP+9 AC+4 Str+4 Int+3}
 32465 | Elf:2    | Found a runed translucent gate.
 32469 | Elf:2    | Found a runed translucent gate.
 32469 | Elf:2    | Found a runed translucent gate.
 32708 | Swamp:1  | Entered Level 1 of the Swamp
 32792 | Swamp:1  | Found a runed translucent gate.
 32792 | Swamp:1  | Found a runed translucent gate.
 32792 | Swamp:1  | Found a runed translucent gate.
 32795 | Swamp:1  | Noticed Josephus's ghost (journeyman DgHu)
 33035 | Swamp:1  | Identified the +7 rapier "Morarae" {freeze, Will+}
 33915 | Swamp:2  | Noticed Frances
 34073 | Swamp:2  | Killed Frances
 34328 | Swamp:2  | Found a runed translucent door.
 34330 | Swamp:2  | Noticed Zoplopp's ghost (journeyman MiBe)
 34377 | Swamp:2  | Killed Zoplopp's ghost
 34473 | Swamp:2  | Noticed Jorgrun
 34482 | Swamp:2  | Killed Jorgrun
 34937 | Swamp:3  | Noticed Mara
 34946 | Swamp:3  | Noticed porpoise's illusion
 35366 | Swamp:3  | Noticed porpoise's illusion
 35390 | Swamp:3  | Killed Mara
 35709 | Swamp:3  | Found a runed translucent gate.
 35709 | Swamp:3  | Found a runed translucent gate.
 35709 | Swamp:3  | Found a runed translucent gate.
 35710 | Swamp:3  | Noticed Buem's ghost (adept OgHs)
 36241 | Swamp:4  | Entered Level 4 of the Swamp
 36994 | Swamp:4  | Noticed Aizul
 37023 | Swamp:3  | Killed Aizul
 37239 | Swamp:4  | Killed a thorn hunter
 37267 | Swamp:4  | Killed a thorn hunter
 37569 | Swamp:4  | Gained mutation: You are completely covered in icy blue
                  | scales. (AC +4, rC+) [demonic ancestry]
 37569 | Swamp:4  | Reached XP level 17. HP: 136/140 MP: 27/27
 37698 | Swamp:4  | Found a blossoming altar of Fedhas.
 37953 | Swamp:4  | Found a basalt altar of Yredelemnul.
 37966 | Swamp:4  | Got a decaying rune of Zot
 39009 | Elf:2    | Reached skill level 15 in Fighting
 39608 | Snake:1  | Entered Level 1 of the Snake Pit
 39912 | Snake:1  | Found Doargh's Magic Scroll Boutique.
 39921 | Snake:1  | Bought a scroll of fear for 52 gold pieces
 39921 | Snake:1  | Bought a scroll of fear for 52 gold pieces
 39927 | Snake:1  | Found Colootuc's Weapon Boutique.
 39927 | Snake:1  | Found Ruat's Distillery.
 39940 | Snake:1  | Bought a potion of heal wounds for 70 gold pieces
 39940 | Snake:1  | Bought 2 potions of heal wounds for 140 gold pieces
 39955 | Snake:1  | You fall into a shaft and drop 1 floor!
 40670 | Snake:2  | Found a transporter.
 40677 | Snake:2  | Found a bloodstained altar of Trog.
 40685 | Snake:2  | Noticed karkarkar's ghost (adept GrEE)
 40767 | Snake:2  | Found a transporter.
 41144 | Snake:2  | Reached skill level 10 in Throwing
 42100 | Snake:3  | Noticed Louise
 42111 | Snake:3  | Killed Louise
 42262 | Snake:3  | Reached skill level 16 in Fighting
 42369 | Snake:3  | Gained mutation: Your touch may irresistibly damage your
                  | foes and sap their willpower. [demonic ancestry]
 42369 | Snake:3  | Reached XP level 18. HP: 150/151 MP: 28/28
 42484 | Snake:3  | Noticed Bai Suzhen
 42498 | Snake:3  | Killed Bai Suzhen
 42846 | Snake:4  | Entered Level 4 of the Snake Pit
 45145 | Snake:4  | Got a serpentine rune of Zot
 45441 | Orc:1    | Bought a manual of Dodging for 960 gold pieces
 45655 | Vaults:1 | Entered Level 1 of the Vaults
 45763 | Vaults:1 | Found Puipuu's Antique Armour Emporium.
 45873 | Vaults:1 | Found a crumbling gateway.
 45880 | Desolati | Entered the Desolation of Salt
 46330 | Desolati | Reached skill level 10 in Evocations
 46580 | Desolati | Identified the ring "Lavvefad" {rC+ Int+5 Dex+3}
 46742 | Desolati | Reached XP level 19. HP: 74/159 MP: 26/29
 47108 | Desolati | Identified the ring of Ucwufoipn {Ice Int+3}
 47113 | Desolati | Got the Omnibus of Accelerants and Alteration
 47115 | Desolati | Got the Omnibus of Combat Magic and Summoning
 47186 | Desolati | Found the +10 tower shield of Ignorance {rN+ Int-4}
 47191 | Desolati | Got the Papyrus of Impulse and the Wendigo
 47192 | Desolati | Identified the +1 spear of Sastroc {spect, Dex+2}
 47250 | Desolati | Identified the +10 mace "Addaun" {flame, rF+++ rCorr Dex-2
                  | Stlth+}
 47250 | Desolati | Identified the amulet of Noon {RegenMP Str+2}
 47478 | Desolati | Identified the +3 spear of Infection {antimagic, *Rage
                  | rN+++ rCorr Stlth-}
 47481 | Desolati | Got the Quarto of Forceful Degeneration
 47750 | Vaults:1 | Reached skill level 15 in Dodging
 47949 | Vaults:1 | Reached skill level 17 in Fighting
 48396 | Vaults:1 | Found the ring of the Hare {EV+10}
 49733 | Vaults:2 | Found a staircase to the Crypt.
 51611 | Vaults:2 | Identified the +2 whip of Ybruhacvao {flame, rElec Dex+2}
 52152 | Vaults:2 | Reached skill level 1 in Spellcasting
 52157 | Vaults:2 | Reached skill level 1 in Transmutations
 52157 | Vaults:2 | Reached XP level 20. HP: 167/170 MP: 30/30
 53960 | Vaults:3 | Found Asketzoy's Weapon Shoppe.
 54687 | Vaults:4 | Reached skill level 18 in Fighting
 55352 | Vaults:4 | Reached skill level 5 in Spellcasting
 55352 | Vaults:4 | Reached skill level 5 in Transmutations
 55535 | Vaults:4 | Identified the ring of Ephemeral Luck {rF- AC+4 Dex+6 SInv}
 55537 | Vaults:4 | Noticed a golden dragon
 55551 | Vaults:4 | Killed a golden dragon
 56298 | Lair:1   | Reached XP level 21. HP: 173/173 MP: 31/31
 56451 | Depths:1 | Entered Level 1 of the Depths
 56562 | Depths:1 | Found a one-way gateway to a ziggurat.
 56599 | Depths:1 | Reached skill level 1 in Axes
 56896 | Depths:1 | Found a stormy altar of Qazlal.
 57055 | Depths:1 | Found a one-way gate leading to the halls of Pandemonium.
 57892 | Depths:1 | Found a gateway to Hell.
 58111 | Depths:2 | Found a one-way gate to the infinite horrors of the Abyss.
 58132 | Depths:2 | Reached XP level 22. HP: 149/184 MP: 32/32
 59310 | Depths:2 | Reached skill level 15 in Invocations
 60294 | Depths:3 | Noticed a juggernaut
 60296 | Depths:3 | Noticed a caustic shrike
 60799 | Depths:3 | Noticed a caustic shrike
 61184 | Depths:3 | Reached skill level 15 in Armour
 62791 | Depths:3 | Identified the +1 great sword of the Lettuce {pain, SInv
                  | Stlth+}
 62983 | Depths:3 | Noticed a golden dragon
 62992 | Depths:3 | Killed a golden dragon
 63243 | Depths:4 | Entered Level 4 of the Depths
 64400 | Depths:4 | Noticed a golden dragon
 64412 | Depths:4 | Killed a golden dragon
 64878 | Depths:4 | Gained mutation: You are robust. (+10% HP) [demonic
                  | ancestry]
 64878 | Depths:4 | Reached XP level 23. HP: 180/211 MP: 35/35
 64995 | Depths:4 | Found a gate to the Realm of Zot.
 65620 | Depths:4 | Found a corrupted altar of Lugonu.
 66437 | Swamp:1  | Killed Josephus's ghost
 66626 | Swamp:2  | Identified the amulet "Hosuwn" {Reflect Drain rPois Str+3
                  | SH+5 SInv}
 66735 | Swamp:3  | Killed Buem's ghost
 66744 | Swamp:3  | Reached skill level 1 in Shields
 67589 | Elf:3    | Entered Level 3 of the Elven Halls
 68023 | Elf:3    | Found a transporter.
 68026 | Elf:3    | Noticed Fuonemn's ghost (veteran DDBe)
 68027 | Elf:3    | Found a transporter.
 68350 | Elf:3    | Reached skill level 15 in Throwing
 68820 | Elf:3    | Reached skill level 19 in Fighting
 69400 | Elf:3    | Paralysed by an air elemental for 1 turns
 69709 | Elf:3    | Identified the staff of cold "Taqiofec" {rC+ Will- rCorr
                  | SInv}
 69712 | Elf:3    | Reached skill level 5 in Shields
 69869 | Elf:3    | Identified the ring "Dirghisch" {rF+ EV+5 Int+2 Slay+2}
 69954 | Elf:3    | Found the +5 Storm Queen's Shield {shock, Fly rElec}
 70105 | Elf:3    | Identified the +2 cloak of the Feral God {Fly rPois rN++
                  | Str-5}
 70168 | Elf:3    | Identified the staff of death "Covvusov" {rN+ Dex+4}
 70350 | Elf:3    | Identified the amulet "Jypov" {RegenMP Slay+3}
 72025 | Crypt:1  | Entered Level 1 of the Crypt
 72546 | Crypt:1  | Noticed Donald
 72558 | Crypt:1  | Donald changed into Donald the alligator
 72558 | Crypt:1  | Noticed Donald
 72561 | Crypt:1  | Killed Donald the alligator
 72578 | Crypt:1  | Reached skill level 5 in Stealth
 72990 | Crypt:1  | You are sucked into a shaft and drop 1 floor!
 73591 | Crypt:2  | Reached skill level 20 in Fighting
 73938 | Crypt:3  | Entered Level 3 of the Crypt
 74049 | Crypt:3  | Identified the ring "Qoem" {Ice Str+5 Stlth+}
 74049 | Crypt:3  | Noticed Josephina
 74085 | Crypt:3  | Killed Josephina
 74444 | Crypt:3  | Gained mutation: You are powered by pain. [demonic
                  | ancestry]
 74444 | Crypt:3  | Reached XP level 24. HP: 218/219 MP: 35/35
 74495 | Crypt:3  | Found a staircase to the Tomb.
 74841 | Crypt:3  | Found an ancient bone altar of Kikubaaqudgha.
 75371 | Crypt:3  | Noticed an ancient lich
 75388 | Crypt:3  | Killed an ancient lich
 75404 | Crypt:3  | Reached skill level 21 in Fighting
 75499 | Crypt:3  | Found the +3 Elemental Staff {rElec rF+ rC+ AC+3}
 75501 | Crypt:3  | Found the +13 scythe of Curses {drain, curses, Drain}
 75847 | Crypt:1  | Found an ancient bone altar of Kikubaaqudgha.
 76586 | Slime:1  | Entered Level 1 of the Pits of Slime
 76608 | Slime:1  | Reached skill level 10 in Shields
 77252 | Slime:2  | Gained mutation: Armour fits poorly on your strangely
                  | shaped body. [a shining eye]
 77940 | Slime:2  | Gained mutation: You are weak. (Str -2) [a shining eye]
 77943 | Slime:2  | Gained mutation: You occasionally shout uncontrollably at
                  | your foes. [a shining eye]
 77948 | Slime:2  | Gained mutation: You are very weak. (Str -4) [a shining
                  | eye]
 78271 | Slime:3  | Gained mutation: Your spells are a little easier to cast,
                  | but a little less powerful. [a shining eye]
 78853 | Slime:5  | Entered Level 5 of the Pits of Slime
 78891 | Slime:5  | Noticed the Royal Jelly
 79363 | Slime:5  | Killed the Royal Jelly
 79789 | Slime:5  | Gained mutation: Your body sometimes deteriorates upon
                  | taking damage. [a shining eye]
 80080 | Slime:5  | Identified the amulet "Kozonenk" {Reflect Rampage Regen+
                  | Str-5 SH+5}
 80118 | Slime:5  | Identified the +7 dagger of Law {heavy, rElec Int-3 Stlth+}
 80128 | Slime:5  | Identified the +0 cloak of Elykhle {Harm Str+2}
 80130 | Slime:5  | Got a slimy rune of Zot
 80169 | Slime:5  | Identified the +6 quarterstaff of False Hope {vamp, rElec
                  | rPois rC+ Stlth+}
 80225 | Slime:5  | Identified the ring "Typhikir" {rElec Will+}
 80257 | Slime:5  | Gained mutation: You occasionally lose the ability to drink
                  | potions when taking damage. [a shining eye]
 80260 | Slime:5  | Gained mutation: Potions are less effective at restoring
                  | your health. [a shining eye]
 80874 | Slime:1  | Gained mutation: Your magical capacity is low. (-10% MP) [a
                  | shining eye]
 80885 | Slime:1  | Gained mutation: Your magical capacity is very low. (-20%
                  | MP) [a shining eye]
 80904 | Slime:1  | Gained mutation: Your body often deteriorates upon taking
                  | damage. [a shining eye]
 81601 | Vaults:1 | Bought a runed helmet for 285 gold pieces
 81916 | Zot:1    | Entered Level 1 of the Realm of Zot
 82081 | Zot:1    | Gained mutation: You are very robust. (+20% HP) [demonic
                  | ancestry]
 82081 | Zot:1    | Reached XP level 25. HP: 174/256 MP: 26/28
 82801 | Snake:1  | Bought a potion of mutation for 112 gold pieces
 82949 | Orc:1    | Bought 2 potions of mutation for 256 gold pieces
 83028 | Lair:1   | Lost mutation: You are very weak. (Str -4) [potion of
                  | mutation]
 83028 | Lair:1   | Lost mutation: Your magical capacity is very low. (-20% MP)
                  | [potion of mutation]
 83028 | Lair:1   | Lost mutation: Your spells are a little easier to cast, but
                  | a little less powerful. [potion of mutation]
 83028 | Lair:1   | Gained mutation: Your system is resistant to poisons.
                  | (rPois) [potion of mutation]
 83029 | Lair:1   | Lost mutation: You occasionally lose the ability to drink
                  | potions when taking damage. [potion of mutation]
 83029 | Lair:1   | Lost mutation: Potions are less effective at restoring your
                  | health. [potion of mutation]
 83029 | Lair:1   | Gained mutation: You are agile. (Dex +4, Str/Int -1)
                  | [potion of mutation]
 83029 | Lair:1   | Gained mutation: You occasionally lose the ability to drink
                  | potions when taking damage. [potion of mutation]
 83029 | Lair:1   | Gained mutation: You passively dampen the noise of your
                  | surroundings. [potion of mutation]
 83030 | Lair:1   | Lost mutation: You occasionally shout uncontrollably at
                  | your foes. [potion of mutation]
 83030 | Lair:1   | Lost mutation: You passively dampen the noise of your
                  | surroundings. [potion of mutation]
 83030 | Lair:1   | Lost mutation: You are weak. (Str -2) [potion of mutation]
 83030 | Lair:1   | Lost mutation: Your body often deteriorates upon taking
                  | damage. [potion of mutation]
 83030 | Lair:1   | Gained mutation: You are dopey. (Int -2) [potion of
                  | mutation]
 83031 | Lair:1   | Lost mutation: You are agile. (Dex +4, Str/Int -1) [potion
                  | of mutation]
 83031 | Lair:1   | Lost mutation: Your magical capacity is low. (-10% MP)
                  | [potion of mutation]
 83031 | Lair:1   | Lost mutation: You are dopey. (Int -2) [potion of mutation]
 83031 | Lair:1   | Gained mutation: Your magical capacity is low. (-10% MP)
                  | [potion of mutation]
 83032 | Lair:1   | Lost mutation: Armour fits poorly on your strangely shaped
                  | body. [potion of mutation]
 83032 | Lair:1   | Lost mutation: Your body sometimes deteriorates upon taking
                  | damage. [potion of mutation]
 83032 | Lair:1   | Gained mutation: Your flesh is heat resistant. (rF+)
                  | [potion of mutation]
 83032 | Lair:1   | Lost mutation: Your system is resistant to poisons. (rPois)
                  | [potion of mutation]
 83033 | Lair:1   | Lost mutation: You occasionally lose the ability to drink
                  | potions when taking damage. [potion of mutation]
 83033 | Lair:1   | Lost mutation: Your magical capacity is low. (-10% MP)
                  | [potion of mutation]
 83033 | Lair:1   | Gained mutation: A frigid envelope surrounds you and
                  | freezes all who hurt you. [potion of mutation]
 84363 | Zot:1    | Noticed an orb of fire
 84367 | Zot:1    | Gained mutation: You sometimes lose your temper in combat.
                  | [an orb of fire]
 84385 | Zot:1    | Noticed Parghit
 84400 | Zot:1    | Killed Parghit
 84838 | Zot:2    | Noticed a Killer Klown
 84840 | Zot:2    | Found the +4 dragonskin cloak
 84840 | Zot:2    | Noticed Tiamat
 85652 | Zot:2    | HP: 11/256 [Tiamat/+1 demon trident of flaming (2)]
 86176 | Zot:2    | Killed Tiamat
 86496 | Zot:2    | a Killer Klown changed into an iron dragon
 87331 | Zot:4    | Noticed an orb of fire
 87335 | Zot:4    | Gained mutation: You are dopey. (Int -2) [an orb of fire]
 87337 | Zot:4    | Gained mutation: You are clumsy. (Dex -2) [an orb of fire]
 87342 | Zot:4    | Gained mutation: Your body sometimes deteriorates upon
                  | taking damage. [an orb of fire]
 87354 | Zot:4    | Killed an orb of fire
 87987 | Zot:4    | Identified the +1 robe of Masochism {rF+}
 88652 | Zot:4    | Noticed an orb of fire
 88671 | Zot:4    | Gained mutation: You have an uncontrollable temper. [an orb
                  | of fire]
 88675 | Zot:4    | Killed an orb of fire
 88676 | Zot:4    | Reached skill level 22 in Fighting
 89063 | Zot:5    | Entered Level 5 of the Realm of Zot
 89507 | Zot:5    | Reached XP level 26. HP: 268/268 MP: 35/35
 89543 | Zot:5    | Lost mutation: Your body sometimes deteriorates upon taking
                  | damage. [potion of mutation]
 89543 | Zot:5    | Lost mutation: You have an uncontrollable temper. [potion
                  | of mutation]
 89543 | Zot:5    | Lost mutation: You are dopey. (Int -2) [potion of mutation]
 89543 | Zot:5    | Gained mutation: Armour fits poorly on your strangely
                  | shaped body. [potion of mutation]
 89544 | Zot:5    | Lost mutation: You are clumsy. (Dex -2) [potion of
                  | mutation]
 89544 | Zot:5    | Lost mutation: Your flesh is heat resistant. (rF+) [potion
                  | of mutation]
 89544 | Zot:5    | Gained mutation: Your muscles are strong. (Str +4, Int/Dex
                  | -1) [potion of mutation]
 89545 | Zot:5    | Lost mutation: Armour fits poorly on your strangely shaped
                  | body. [potion of mutation]
 89545 | Zot:5    | Lost mutation: You sometimes lose your temper in combat.
                  | [potion of mutation]
 89545 | Zot:5    | Lost mutation: Your muscles are strong. (Str +4, Int/Dex
                  | -1) [potion of mutation]
 89545 | Zot:5    | Gained mutation: You have a pair of small horns on your
                  | head. [potion of mutation]
 89545 | Zot:5    | Gained mutation: You expend magic power (3 MP) to
                  | strengthen your wands. [potion of mutation]
 89635 | Zot:5    | Noticed a dread lich
 89638 | Zot:5    | Noticed a dread lich
 89647 | Zot:5    | Paralysed by a dread lich for 2 turns
 89649 | Zot:5    | Killed a dread lich
 90002 | Zot:5    | Noticed an orb of fire
 90011 | Zot:5    | Gained mutation: You are occasionally teleported next to
                  | monsters. [an orb of fire]
 90015 | Zot:5    | Gained mutation: You occasionally shout uncontrollably at
                  | your foes. [an orb of fire]
 90026 | Zot:5    | Killed an orb of fire
 90473 | Zot:5    | Noticed an orb of fire
 90479 | Zot:5    | Gained mutation: Potions are less effective at restoring
                  | your health. [an orb of fire]
 90480 | Zot:5    | Noticed an orb of fire
 90497 | Zot:5    | Gained mutation: You occasionally lose the ability to read
                  | scrolls when taking damage. [an orb of fire]
 90498 | Zot:5    | Killed an orb of fire
 90948 | Zot:5    | Gained mutation: You are weak. (Str -2) [an orb of fire]
 90949 | Zot:5    | Gained mutation: You are dopey. (Int -2) [an orb of fire]
 90951 | Zot:5    | Killed an orb of fire
 90952 | Zot:5    | Reached skill level 15 in Shields
 91208 | Zot:5    | Noticed an orb of fire
 91208 | Zot:5    | Noticed an orb of fire
 91209 | Zot:5    | Gained mutation: You have hidden genetic defects. [an orb
                  | of fire]
 91215 | Zot:5    | Gained mutation: You occasionally lose the ability to drink
                  | potions when taking damage. [an orb of fire]
 91217 | Zot:5    | Gained mutation: You are clumsy. (Dex -2) [an orb of fire]
 91217 | Zot:5    | Noticed a dread lich
 91221 | Zot:5    | Gained mutation: You sometimes lose the ability to drink
                  | potions when taking damage. [an orb of fire]
 91238 | Zot:5    | Got the Orb of Zot
 91248 | Zot:5    | Paralysed by a dread lich for 3 turns
 91290 | Zot:5    | Killed from afar by an orb of fire

Illustrated notes

Levels and vault maps discovered:
D:1:      onia_arrival_handbag, layout_basic, serial_bayou_ford_a,
          patterned_corridor
D:2:      layout_rooms, chequers_arboretum, dk_noncrumbling_3,
          kennysheep_big_empty_room
D:3:      layout_basic, nicolae_overflow_ecumenical_swirl,
          hellmonk_ecumenical_altar_lost_god, kennysheep_donut, uniq_ijyb
D:4:      layout_cave_pools, gammafunk_temple_overflow_wave, uniq_sigmund
D:5:      layout_basic, minmay_shop_grid_forest
D:6:      layout_loops_ring, kennysheep_mini_moat, temple_fountains,
          serial_shops, nicolae_shop_trees, roderic_batcave
D:7:      layout_basic, lemuel_tele_altar
D:8:      layout_gridville, nicolae_ossuary_entry_plus
D:9:      layout_loops_ring, mainiacjoe_overflow_tiny_flanked
D:10:     layout_basic, erik_lair_island, eino_small_chamber_without_monster
D:11:     layout_roguey, kennysheep_orc_monster_closet_entryway, serial_shops,
          shop, special_room [special_room_orc], uniq_urug
D:12:     layout_loops_ring, nicolae_danse_macabre
D:13:     layout_basic, david_vaults_5
D:14:     layout_loops_ring, nicolae_eternal_life
D:15:     gammafunk_enter_depths_forms, layout_loops_ring,
          serial_bayou_lagoon_a, fungi_pond_lemuel, roderic_lattice_a
Temple:   eino_temple_rhombus
Lair:1:   gammafunk_lair_enchanted_lake, layout_regular_city, uniq_joseph,
          uniq_nergalle
Lair:2:   layout_long_grid, nicolae_swamp_entry_splash_gauntlet,
          minmay_snake_entry_six_corridors, portal_ice_cave_entry_imps,
          grunt_megastairs_5, infiniplex_staircase_pool
Lair:3:   layout_chaotic_city, nicolae_volcano_entry_two_sided,
          lemuel_fruit_tree, uniq_nessos
Lair:4:   layout_layer_cave, slime_entry_1, minivault_11,
          infiniplex_staircase_pool_2
Lair:5:   gammafunk_lair_ancient_temple, layout_gridlike,
          ebering_ghost_funeral_grove
Swamp:1:  nicolae_swamp_decorative_isthmus, layout_basic_swamp,
          ebering_ghost_rock_garden, hangedman_swamp_ruin_wall
Swamp:2:  nicolae_swamp_tree_isthmus, layout_basic_swamp,
          ebering_ghost_inner_flame, nicolae_swamp_ascending_descending,
          uniq_frances, uniq_jorgrun
Swamp:3:  layout_falls_marsh, gammafunk_ghost_necromancy,
          evilmike_swamp_ruin_house_3, uniq_mara
Swamp:4:  byrel_swamp_growth_death_and_undeath, layout_basic_swamp, uniq_aizul
Snake:1:  layout_grid_maze, statue_in_the_mist_lemuel,
          nicolae_snake_serpentine_bazaar, serial_bayou_shore_b
Snake:2:  layout_gridlike, gammafunk_ghost_wrathful_warriors,
          serial_bayou_shore_a, grunt_megastairs_3
Snake:3:  layout_misc_corridors, uniq_bai_suzhen, uniq_louise
Snake:4:  snake_pit, layout_chambers
Slime:1:  layout_caves
Slime:2:  layout_caves
Slime:3:  layout_caves
Slime:4:  layout_caves
Slime:5
Orc:1:    nicolae_orc_accident_2, layout_caves, serial_shops, shop, shop,
          nicolae_shop_self_help
Orc:2:    st_orc_town, layout_caves
Elf:1:    layout_geoelf_grid, serial_corexii_hall, corexii_hall_statues_x,
          corexii_hall_statues_u, corexii_hall_statues_u,
          hangedman_elven_crosses_minicolossus
Elf:2:    nicolae_elf_blades_crystal_corner, layout_loops_ring, serial_shops,
          nicolae_shop_waterfront, st_stairs_12, uniq_nikola
Elf:3:    minmay_elf_hall_spiked, layout_geoelf_castle, gammafunk_ghost_arena
Vaults:1: portal_desolation_entry_nicolae_slug, vaults_room_door_ring,
          nicolae_vaults_cochlea, nicolae_vaults_tetromino_L_2,
          ontoclasm_vaults_decontamination, v_misc_23,
          vaults_mumra_chevron_long, nicolae_vaults_door_testing_chamber,
          nicolae_vaults_trapezoid_1, nicolae_vaults_tetromino_Z_1,
          layout_vaults_quadrants, serial_shops, nicolae_shop_real_fake_doors
Vaults:2: minmay_crypt_entry_vampire_xt, st_quartered_hall,
          nicolae_vaults_lightning_bolt, serial_ice_b,
          nicolae_vaults_what_the_h, vaults_room_large_hall, vaults_dpeg_cross,
          hangedman_vaults_hat, vaults_room_corners, v_misc_29,
          layout_vaults_maze
Vaults:3: nicolae_vaults_diamond_1, ontoclasm_vaults_claustrophobia,
          nicolae_vaults_an_arrangement, ontoclasm_vaults_misaligned, v_misc_30,
          nicolae_vaults_little_squares_1, nicolae_vaults_rhombus_6,
          nicolae_vaults_tetromino_Z_2, hangedman_vaults_nails,
          nicolae_vaults_house_1, nicolae_vaults_little_ls, layout_vaults_ring,
          serial_shops, nicolae_shop_waterfront
Vaults:4: ontoclasm_vaults_echo, grunt_vaults_funnel, nicolae_vaults_spaceships,
          nicolae_vaults_double_plus_1, nicolae_vaults_heart-shaped_vault,
          nicolae_vaults_diamond_1, nicolae_vaults_network_star,
          nicolae_vaults_tetromino_L_1, nicolae_vaults_diamond_2,
          nicolae_vaults_little_squares_2, v_misc_30, v_misc_2,
          nicolae_vaults_tetromino_Z_1, hangedman_vaults_corner_blocks,
          nicolae_vaults_diagonal_hallway_7, layout_vaults_omnibox
Crypt:1:  layout_rooms, grunt_crypt_arrival_guarded_gate, lemuel_upstairs_altar,
          uniq_donald
Crypt:2:  layout_misc_corridors, serial_glass, glass_columns_b, glass_columns_c,
          chequers_hall_statues_wall_a, grunt_megastairs_4
Crypt:3:  church_of_pain_bobbens, layout_chaotic_city, grunt_ministairs_9,
          st_stairs_8, uniq_josephina
Depths:1: layout_small_grid, enter_ziggurat_d, pan_entry,
          chequers_serial_rivers_micro_c, hangedman_geh_valley,
          nicolae_qazlal_style_of_elements, grunt_megastairs_1
Depths:2: hangedman_screamer, layout_honeycomb, hell_entry,
          nicolae_abyss_entry_one_way_or_another, pan_entry,
          minmay_staircase_windowed_large
Depths:3: minmay_bloctagon, layout_cave_pools, grunt_hell_entry_dis_old,
          serial_rivers, chequers_serial_rivers_small_3,
          chequers_serial_rivers_micro_d, chequers_serial_rivers_small_b,
          chequers_serial_rivers_micro_c, chequers_serial_rivers_room_b,
          abyss_entry_small_statue_room, minivault_12
Depths:4: grunt_zot_entry_gee_three, layout_gridville, rand_demon_pan_entry_1,
          minmay_misc_feat_cross, hell_entry, abyss_entry_flame_altar
Zot:1:    layout_onion_interference, uniq_parghit
Zot:2:    layout_basic, nicolae_zot_crop_circle, uniq_tiamat
Zot:3:    layout_misc_corridors, nicolae_lava_and_water
Zot:4:    layout_gridlike
Zot:5:    layout_twisted_circle, lemuel_baited_zot_trap

Skill      XL: |  1  2  3  4  5  6  7  8  9 10 11 12 13 14 15 16 17 18 19 20 21 22 23 24 25 26 |
---------------+-------------------------------------------------------------------------------+-----
Throwing       | 2 3 4 5 6 9 10 12 14 15 16 | 16.0
Dodging        | 3 4 5 6 7 8 10 12 14 17 18 | 18.0
Polearms       | 3 4 5 6 8 10 12 14 | 14.0
Fighting       | 3 4 5 6 7 10 12 13 14 16 17 18 20 21 22 | 22.7
Invocations    | 3 7 9 12 14 16 | 16.8
Armour         | 1 4 5 7 8 10 12 13 14 16 17 18 | 18.2
Evocations     | 2 5 7 8 9 10 12 | 12.6
Spellcasting   | 1 5 |  5.0
Transmutations | 1 6 7 9 |  9.0
Stealth        | 4 7 |  7.0
Axes           | 4 |  4.0
Shields        | 7 11 14 15 | 15.1

Action                     |  1- 3 |  4- 6 |  7- 9 | 10-12 | 13-15 | 16-18 | 19-21 | 22-24 | 25-27 || total
---------------------------+-------+-------+-------+-------+-------+-------+-------+-------+-------++-------
  Melee: Trident           |   113 |   132 |   311 |   614 |   498 |       |       |       |       ||  1668
         Touch             |    11 |    20 |    51 |    85 |   200 |   193 |   207 |   162 |       ||   929
         Punch             |     1 |     1 |     4 |     3 |    10 |    16 |    12 |    15 |       ||    62
         Spear             |       |       |       |    54 |       |       |       |       |       ||    54
         Demon trident     |       |       |       |       |   880 |  1369 |  1064 |  2519 |   958 ||  6790
         Double sword      |       |       |       |       |       |       |       |    71 |       ||    71
         Headbutt          |       |       |       |       |       |       |       |       |    57 ||    57
   Fire: Sling             |       |       |    51 |    26 |     1 |       |       |       |       ||    78
  Throw: Dart              |       |       |     6 |    31 |       |       |       |       |       ||    37
         Boomerang         |       |       |       |       |     4 |    88 |       |     8 |    25 ||   125
   Cast: Wereblood         |       |       |       |       |       |       |     3 |       |       ||     3
 Invoke: Grow Oklob        |       |       |       |     1 |       |       |       |       |     7 ||     8
         Wall of Briars    |       |       |       |       |       |     1 |       |       |       ||     1
         Grow Ballistomyce |       |       |       |       |       |     1 |       |     1 |     1 ||     3
  Evoke: Wand              |       |       |       |    11 |     3 |       |       |     3 |     1 ||    18
         Lightning rod     |       |       |       |       |       |       |       |     4 |       ||     4
         Tin of tremorston |       |       |       |       |       |       |       |     2 |       ||     2
    Use: Scroll            |     1 |     1 |     9 |    14 |    18 |    16 |     3 |    17 |    18 ||    97
         Potion            |       |     3 |     2 |     4 |     3 |     1 |     2 |    18 |    16 ||    49
   Stab: Sleeping          |     1 |       |     1 |       |       |     9 |     9 |    25 |     8 ||    53
         Distracted        |       |       |       |     3 |     1 |     4 |     3 |     7 |     9 ||    27
         Invisible         |       |       |       |       |       |     3 |       |       |     1 ||     4
         Paralysed         |       |       |       |       |       |       |       |     4 |       ||     4
         Confused          |       |       |       |       |       |       |       |       |     2 ||     2
 Armour: Leather armour    |     2 |       |    61 |   122 |       |       |       |       |       ||   185
         Ring mail         |    16 |    44 |       |       |       |       |       |       |       ||    60
         Scale mail        |       |       |       |       |    65 |       |       |       |       ||    65
         Plate armour      |       |       |       |       |   331 |   129 |       |       |       ||   460
         Swamp dragon scal |       |       |       |       |       |   429 |   278 |   575 |   295 ||  1577
         Skin              |       |       |       |       |       |       |       |    20 |       ||    20
  Dodge: Dodged            |    49 |    79 |   214 |   235 |   838 |  1537 |  1098 |  2055 |   959 ||  7064
  Block: Kite shield       |       |       |       |       |       |       |       |  1734 |  1108 ||  2842
         Reflection        |       |       |       |       |       |       |       |    34 |    13 ||    47
